 Dungeon Crawl Stone Soup version 0.30-a0-135-g630cfc4551 (webtiles) character file.

Game seed: 3588659428413261861

262462 freelancePsychic the Warrior (level 19, -41/146 (167) HPs)
             Began as a Demonspawn Monk on Sept 20, 2022.
             Was the Champion of Ru.
             Killed from afar by an ironbound thunderhulk (64 damage)
             ... with a bolt of lightning
             ... in a wizard's laboratory.
             The game lasted 01:22:39 (45188 turns).

freelancePsychic the Warrior (Demonspawn Monk)     Turns: 45188, Time: 01:22:39

HP:   -41/146 (167) AC: 44    Str: 13    XL:     19   Next: 22%
MP:   13/19         EV: 15    Int: 19    God:    Ru [******]
Gold: 122           SH:  9    Dex: 20    Spells: 18/18 levels left

rFire   + + .      SeeInvis .    a - +8 frozen axe "Frostbite" {freezing cloud, *Noise Fly rC+}
rCold   + + +      Faith    .    (shield currently unavailable)
rNeg    . . .      Spirit   .    J - +5 ice dragon scales
rPois   +          Reflect  +    N - +2 hat
rElec   .          Harm     .    (cloak unavailable)
rCorr   .          Rampage  .    d - +0 pair of gloves
Will    ++...                    P - +1 pair of boots
Stlth   +.........               D - amulet of reflection
HPRegen 0.34/turn                r - ring of Omov {rPois Dex+4}
MPRegen 0.16/turn                U - ring of Yredelemnul's Respect {*Corrode rF+++ Will+++ Str-5 Int+6}

@: exhausted, sanguine armoured, attractive, flying, studying Dodging, heavily
drained
A: icemail 2, spiny 2, hated by all, no air magic, no translocations magic, no
transmutations magic, weak-willed 2, missing an eye, sanguine armour 3,
condensation shield, corrupting presence 2, weakness stinger 3
}: 2/15 runes: decaying, serpentine
a: Renounce Religion, Draw Out Power, Power Leap, Apocalypse


You were in a wizard's laboratory.
You worshipped Ru.
Ru was exalted by your worship.
You visited 7 branches of the dungeon, and saw 34 of its levels.
You also visited: Ice Cave and Wizlab.

You collected 3807 gold pieces.
You spent 3685 gold pieces at shops.

Inventory:

Hand Weapons
 a - the +8 frozen axe "Frostbite" (weapon) {freezing cloud, *Noise Fly rC+}
   (You found it in an ice cave)

   It freezes those it strikes, dealing additional cold damage.
   It can also slow down cold-blooded creatures.
   It occasionally leaves clouds of freezing vapour upon striking a foe.
   It grants immunity to clouds of freezing vapour.
   rC:        It protects you from cold.
   Fly:       It grants you flight.
   *Noise:    It may make noises in combat.
 b - a +9 vampiric battleaxe
 v - the +7 battleaxe of Weiske {antimagic, Str+4 Int+4}
   (You bought it in a shop on level 2 of the Orcish Mines)

   It reduces the magical energy of the wielder, and disrupts the spells and
   magical abilities of those it strikes.
   Natural abilities and divine invocations are not affected.
   Str:       It affects your strength (+4).
   Int:       It affects your intelligence (+4).
Missiles
 e - 6 silver boomerangs
 f - 27 boomerangs (quivered)
 F - 4 javelins
 Q - 2 curare-tipped darts
 R - 7 silver javelins
Armour
 d - a +0 pair of gloves (worn)
 J - +5 ice dragon scales (worn)
 N - a +2 hat (worn)
 P - a +1 pair of boots (worn)
Jewellery
 r - the ring of Omov (left hand) {rPois Dex+4}
   (You bought it in a shop on level 1 of the Orcish Mines)

   [ring of poison resistance]

   Dex:       It affects your dexterity (+4).
   rPois:     It protects you from poison.
 A - a ring of resist corrosion
 C - the ring of Hafec {Fly rN+ Int+2 Stlth+}
   (You found it on level 1 of the Snake Pit)

   [ring of flight]

   Int:       It affects your intelligence (+2).
   rN:        It protects you from negative energy.
   Fly:       It grants you flight.
   Stlth:     It makes you more stealthy.
 D - an amulet of reflection (around neck)
 U - the ring of Yredelemnul's Respect (right hand) {*Corrode rF+++ Will+++ Str-5 Int+6}
   (You acquired it on level 1 of the Lair of Beasts)

   [ring of intelligence]

   Str:       It affects your strength (-5).
   Int:       It affects your intelligence (+6).
   rF:        It renders you almost immune to fire.
   *Corrode:  It may corrode you when you take damage.
   Will:      It greatly increases your willpower.
Wands
 g - a wand of polymorph (18)
 k - a wand of charming (16)
 o - a wand of mindburst (16)
 w - a wand of digging (19)
 x - a wand of roots (15)
 G - a wand of quicksilver (29)
 X - a wand of flame (40)
Scrolls
 h - 6 scrolls of amnesia
 j - 17 scrolls of blinking
 t - 8 scrolls of teleportation {@r4}
 u - 6 scrolls of fear
 B - 7 scrolls of poison
 E - 10 scrolls of noise
 L - 2 scrolls of immolation
 M - a scroll of enchant weapon
 T - a scroll of brand weapon
 W - 2 scrolls of magic mapping
Potions
 c - 7 potions of ambrosia
 i - 7 potions of lignification
 l - a potion of invisibility
 m - 4 potions of cancellation
 n - 9 potions of mutation
 p - 4 potions of haste {@q3}
 q - 4 potions of heal wounds {@q2}
 s - 12 potions of curing {@q1}
 z - 3 potions of magic
 I - 7 potions of degeneration
 K - 5 potions of attraction
 O - 8 potions of flight
 V - 4 potions of brilliance
 Y - 4 potions of might
Miscellaneous
 y - a tin of tremorstones (inert)
 H - a condenser vane


   Skills:
 - Level 19.6 Fighting
 * Level 18.5(20.3) Axes
 - Level 14.0(18.1) Polearms
 - Level 9.2 Throwing
 - Level 10.2 Armour
 + Level 12.4 Dodging
 - Level 1.7 Stealth
 - Level 6.2 Evocations


You had 18 spell levels left.
You didn't know any spells.
Your spell library contained the following spells:

 Spells                   Type           Power      Damage    Failure   Level
 Foxfire                  Conj/Fire      0%         2x1d4     67%         1
 Necrotise                Necr           0%         1d4       67%         1
 Sandblast                Erth           0%         2d4       67%         1
 Ensorcelled Hibernation  Hex/Ice        0%         N/A       80%         2
 Searing Ray              Conj           0%         2d4       80%         2
 Frozen Ramparts          Ice            0%         1d1       95%         3
 Inner Flame              Hex/Fire       0%         N/A       95%         3
 Ozocubu's Armour         Ice            0%         N/A       95%         3
 Stone Arrow              Conj/Erth      0%         3d7       95%         3
 Vampiric Draining        Necr           0%         2d6       95%         3
 Cause Fear               Hex            0%         N/A       100%        4
 Flame Wave               Conj/Fire      0%         2d4       100%        4
 Hailstorm                Conj/Ice       0%         3d3       100%        4
 Olgreb's Toxic Radiance  Pois           0%         N/A       100%        4
 Sticky Flame             Conj/Fire      0%         2d3       100%        4
 Agony                    Necr           0%         N/A       100%        5
 Borgnjor's Vile Clutch   Necr/Erth      0%         N/A       100%        5
 Fireball                 Conj/Fire      0%         3d3       100%        5
 Iskenderun's Battlesphe  Conj           0%         2d6       100%        5
 Metabolic Englaciation   Hex/Ice        0%         N/A       100%        5
 Orb of Destruction       Conj           0%         9d5       100%        7
 Ozocubu's Refrigeration  Ice            0%         4d7       100%        7
 Discord                  Hex            0%         N/A       100%        8
 Ignition                 Fire           0%         3d3       100%        8
 Fire Storm               Conj/Fire      0%         5d1       100%        9
 Polar Vortex             Ice            0%         N/A       100%        9
 Passwall                 Tmut/Erth      Unusable   N/A       N/A         2
 Ignite Poison            Fire/Tmut/Pois Unusable   N/A       N/A         3
 Kindle Blastsparks       Fire/Tloc/Air  Unusable   2d10      N/A         3
 Swiftness                Air            Unusable   N/A       N/A         3
 Animate Dead             Necr           Unusable   N/A       N/A         4
 Freezing Cloud           Conj/Ice/Air   Unusable   6-21      N/A         5
 Conjure Ball Lightning   Conj/Air       Unusable   3x3d6     N/A         6
 Death Channel            Necr           Unusable   N/A       N/A         6
 Simulacrum               Ice/Necr       Unusable   N/A       N/A         6

Dungeon Overview and Level Annotations

Branches:
Dungeon (15/15)            Temple (1/1) D:7            Lair (5/5) D:11
  Swamp (4/4) Lair:3        Snake (4/4) Lair:3        Slime (0/5) Lair:5
    Orc (2/2) D:12            Elf (3/3) Orc:2        Vaults (0/5) D:13
 Depths (0/4) D:15          IceCv (visited)          WizLab (1/1)

Altars:
Ashenzari
Cheibriados
Dithmenos
Gozag
Kikubaaqudgha
Makhleb
Nemelex Xobeh
Okawaru
Qazlal
Ru
Sif Muna
Trog
Uskayaw
Vehumet
Wu Jian
Xom

Shops:
D:4 *   D:7 ***   Orc:1 =*[   Orc:2 [[([   Elf:2 ?   Elf:3 ??   Snake:2 *?
Snake:3 ((

Annotations:
D:4 3 runed translucent doors, droid's ghost, amateur MiFi
D:8 Joseph
Swamp:2 2 transporters, Efairey's ghost, adept DsGl
Snake:1 2 transporters, exclusion: orange crystal statue
Elf:2 3 runed translucent doors WizLab exclusion: lightning spire


Innate Abilities, Weirdness & Mutations

A meltable icy envelope protects you from harm. (AC +8)
You are mostly covered in sharp spines.
You are hated by all.
You cannot study or cast Air magic.
You cannot study or cast Translocations magic.
You cannot study or cast Transmutations magic.
You are weak-willed. (Will--)
You are missing an eye, making it more difficult to aim.
When seriously injured, your blood forms very thick armour. (AC +12)
A meltable shield of frost defends you. (SH +4)
Your presence sometimes corrodes or deforms those you injure.
You have a sharp stinger which inflicts weakening toxins.


Message History

You are too injured to fight recklessly!
You are too injured to fight recklessly!
You are too injured to fight recklessly!
You slice the electric golem!! You freeze the electric golem.
The electric golem is severely damaged.
Electricity crackles from the ironbound thunderhulk's apparatus.
The bolt of lightning hits you!!!
* * * LOW HITPOINT WARNING * * *
The electric golem is engulfed in freezing vapours.
Your corrupting presence corrodes the electric golem!
The electric golem hurls lightning at you.
The bolt of lightning hits you!!
* * * LOW HITPOINT WARNING * * *
You focus your inner power and paralyse the electric golem in retribution!
You feel much better.
The ironbound thunderhulk begins to attack, but is stunned by your conviction!
The electric golem is engulfed in freezing vapours.
You feel much better.
Strange energies crackle from the ironbound thunderhulk's apparatus.
The ironbound thunderhulk blinks!
The electric golem is engulfed in freezing vapours.
The helpless electric golem fails to defend itself.
You slice the electric golem!! You freeze the electric golem.
You destroy the electric golem!
Electricity crackles from the ironbound thunderhulk's apparatus.
The bolt of lightning hits you!
Electricity crackles from the ironbound thunderhulk's apparatus.
The bolt of lightning hits you!!
* * * LOW HITPOINT WARNING * * *
You focus your inner power and slow the ironbound thunderhulk in retribution!
Okay, then.
You feel much better.
Electricity crackles from the ironbound thunderhulk's apparatus.
The bolt of lightning hits you!!
* * * LOW HITPOINT WARNING * * *
Really quaff the potion of attraction?
You feel attractive to monsters.
Electricity crackles from the ironbound thunderhulk's apparatus.
The bolt of lightning hits you!!!
You die...

####..###..####
#...#≈
#....#####....#
#...#≈
#....#[.?#....#
#...#≈
#....#...#....#
#...#§
#8............#
#...##
#####.....#####
##.... ##....#
##... ###'''###
##..
###...@...###
###
#.....°.....# #≈
#.............#
#≈
#..O..........#
#≈
#...............
#≈
##.....O.......#
##
##...........##
###.#!)#.#.##
.#8#[?#.##


You could see 2 ironbound thunderhulks.

Vanquished Creatures
  Saint Roka (Orc:2)
  Nikola (Swamp:2)
  An electric golem (WizLab)
  A tentacled monstrosity (Swamp:2)
  Jorgrun (D:14)
  Rupert (D:13)
  Gastronok (D:11)
  Kirke (Swamp:2)
  Agnes (D:15)
  2 fire giants (WizLab)
  A fenstrider witch (Swamp:1)
  9 nagarajas
  Aizul (Snake:2)
  An angel (WizLab)
  A deep elf elementalist (Elf:2)
  An ironbound thunderhulk (WizLab)
  11 eleionomae
  3 very ugly things
  A war gargoyle (WizLab)
  A deep elf annihilator (Elf:1)
  6 bunyips
  A minotaur (D:11)
  The ghost of LnG the Basher, a journeyman HOFi of Uskayaw (D:11)
  2 ettins (WizLab)
  3 crystal guardians (WizLab)
  A fire dragon (D:15)
  A rakshasa (D:13)
  5 salamander tyrants
  2 shambling mangroves (Swamp:4)
  4 vault guards (D:13)
  2 great orbs of eyes (Swamp:4)
  2 green deaths (Swamp:4)
  7 peacekeepers (WizLab)
  2 ice dragons
  18 hydras
  2 ogre magi
  A ghost crab (Swamp:2)
  4 centaur warriors
  5 dancing weapons
  6 two-headed ogres
  10 alligators
  11 anacondas
  5 boulder beetles
  20 naga warriors
  2 tengu warriors (D:14)
  11 naga sharpshooters
  A deep elf knight (Elf:2)
  6 shock serpents
  A fire crab (shapeshifter) (D:14)
  2 orc high priests
  6 spriggans
  7 goliath frogs
  2 sea snakes (Snake:4)
  4 salamander mystics
  A spriggan druid (Swamp:4)
  6 deep elf archers
  8 bog bodies
  4 lindwurms
  An orange crystal statue (IceCv)
  4 naga ritualists
  2 orc sorcerers
  11 mana vipers
  4 swamp dragons
  19 deep elf pyromancers
  12 deep elf zephyrmancers
  5 will-o-the-wisps
  21 salamanders
  3 orc knights (Orc:2)
  A wolf spider (Lair:5)
  5 manticores
  6 ugly things
  7 cyclopes
  3 large abominations (Swamp:4)
  40 black mambas
  8 guardian serpents
  11 naga magi
  25 elephants
  9 gargoyles
  2 orange demons (Swamp:4)
  10 torpor snails
  2 molten gargoyles (WizLab)
  2 unseen horrors
  12 cane toads
  2 freezing wraiths (IceCv)
  2 kobold demonologists
  A rime drake (shapeshifter) (D:14)
  4 tengu conjurers
  5 yaktaurs
  2 rime drakes (Lair:4)
  14 komodo dragons
  11 trolls
  An anaconda simulacrum (IceCv)
  A queen bee (Lair:2)
  A bloated husk (Swamp:2)
  17 hornets
  13 tyrant leeches
  A hornet (shapeshifter) (D:15)
  A raiju (shapeshifter) (D:13)
  11 dream sheep
  19 blink frogs
  18 slime creatures
  A jumping spider (shapeshifter) (Elf:1)
  A water elemental (Elf:2)
  2 shadows (Swamp:4)
  34 yaks
  3 air elementals
  2 dire elephant simulacra (IceCv)
  11 wyverns
  3 basilisks
  2 vampires
  2 hogs (Swamp:2)
  A human (shapeshifter) (Elf:2)
  A fire elemental (WizLab)
  A golden eye (shapeshifter) (D:13)
  4 steam dragons
  12 vampire mosquitoes
  3 redbacks (Lair:5)
  Menkaure (D:6)
  5 acid dragons
  A harpy simulacrum (IceCv)
  2 wargs (Orc:2)
  45 nagas
  28 water moccasins
  17 swamp worms
  2 swamp drakes
  4 ice beasts
  4 sky beasts
  37 orc warriors
  2 alligator simulacra (IceCv)
  4 black bears
  10 ogres
  5 wolves (Lair:5)
  5 boggarts (D:15)
  7 centaurs
  A phantom (D:6)
  4 kobold brigands
  7 bullfrogs
  A necrophage (D:6)
  2 scorpions
  6 earth elementals
  9 wights
  A small abomination (Swamp:4)
  2 lindwurm simulacra (IceCv)
  27 killer bees
  2 electric eels (Lair:1)
  2 howler monkeys
  4 jellies
  3 gnoll boudas
  24 orc priests
  2 hounds
  2 iguanas
  29 orc wizards
  Terence (D:3)
  A lightning spire (WizLab)
  7 adders
  9 gnolls
  A shadow imp (D:8)
  2 white imps (D:6)
  2 ufetubi
  94 orcs
  3 bats
  9 endoplasms
  4 giant cockroaches
  5 goblins
  7 hobgoblins
  2 jackals (D:2)
  12 kobolds
  3 quokkas
  13 ball pythons
  5 frilled lizards
  2 rats (D:1)
1144 creatures vanquished.

Vanquished Creatures (collateral kills)
  A wight (D:7)
  An orc (D:7)
  A frilled lizard (D:2)
3 creatures vanquished.

Vanquished Creatures (others)
  A peacekeeper (WizLab)
  A hell beast (Swamp:4)
  3 hydras
  An alligator (Swamp:3)
  A naga sharpshooter (Snake:4)
  2 goliath frogs (Swamp:1)
  A sea snake (Snake:4)
  Lodul (D:13)
  A swamp dragon (Swamp:4)
  An orc knight (Orc:2)
  A deep elf zephyrmancer (Elf:1)
  A cyclops (D:12)
  A molten gargoyle (WizLab)
  3 black mambas
  A naga mage (Snake:2)
  An unseen horror (D:11)
  A bloated husk (Swamp:1)
  A tyrant leech (Lair:5)
  2 slime creatures (Swamp:4)
  4 hogs (Swamp:2)
  An orc warrior (Orc:2)
  A killer bee (Lair:2)
  2 gnolls (D:8)
  2 bushes
  12 foxfires
  43 fungi
  86 plants
  9 toadstools (Lair:1)
185 creatures vanquished.

Grand Total: 1332 creatures vanquished

Notes
Turn   | Place    | Note
-------+----------+-------------------------------------------
     0 | D:1      | freelancePsychic the Demonspawn Monk began the quest for
                  | the Orb.
     0 | D:1      | Reached XP level 1. HP: 18/18 MP: 1/1
   240 | D:1      | Gained mutation: You have a small tail. [demonic ancestry]
   240 | D:1      | Reached XP level 2. HP: 16/24 MP: 2/2
   961 | D:1      | Reached XP level 3. HP: 29/29 MP: 3/3
  1719 | D:2      | Reached skill level 4 in Fighting
  1858 | D:2      | Reached XP level 4. HP: 33/37 MP: 4/4
  2281 | D:3      | Noticed Terence
  2291 | D:3      | Killed Terence
  3121 | D:4      | Found a runed translucent gate.
  3121 | D:4      | Found a runed translucent gate.
  3121 | D:4      | Found a runed translucent gate.
  3146 | D:4      | Noticed a scorpion
  3154 | D:4      | Killed a scorpion
  3155 | D:4      | Reached skill level 1 in Throwing
  3155 | D:4      | Reached XP level 5. HP: 43/43 MP: 5/5
  3194 | D:4      | HP: 1/43 [orc/+0 short sword (5)]
  3417 | D:4      | Gained mutation: When seriously injured, your blood forms
                  | armour. (AC +12) [demonic ancestry]
  3417 | D:4      | Reached XP level 6. HP: 42/50 MP: 6/6
  3435 | D:4      | Reached skill level 5 in Fighting
  3677 | D:4      | Found Ebussiff's General Store.
  3792 | D:4      | Noticed droid's ghost (amateur MiFi)
  4022 | D:5      | Entered Level 5 of the Dungeon
  4022 | D:5      | Noticed an ice beast
  4068 | D:5      | Reached skill level 5 in Polearms
  4068 | D:5      | Gained mutation: You have a tail ending in a sharp stinger.
                  | [demonic ancestry]
  4068 | D:5      | Reached XP level 7. HP: 39/56 MP: 7/7
  4874 | D:6      | Reached skill level 6 in Fighting
  5131 | D:6      | Gained mutation: You are partially covered in sharp spines.
                  | [demonic ancestry]
  5131 | D:6      | Reached XP level 8. HP: 65/65 MP: 8/8
  5745 | D:6      | Noticed Menkaure
  5751 | D:6      | Killed Menkaure
  5752 | D:6      | Reached skill level 7 in Fighting
  6278 | D:7      | Noticed a troll
  6293 | D:7      | Reached skill level 5 in Throwing
  6420 | D:7      | Noticed a cyclops
  6422 | D:7      | Noticed a troll
  6866 | D:7      | Killed a troll
  6867 | D:7      | Reached skill level 8 in Fighting
  6867 | D:7      | Gained mutation: A meltable shield of frost defends you.
                  | (SH +4) [demonic ancestry]
  6867 | D:7      | Reached XP level 9. HP: 55/74 MP: 9/9
  7074 | D:7      | Noticed a boulder beetle
  7270 | D:7      | Killed a boulder beetle
  7275 | D:7      | Noticed a cyclops
  7293 | D:7      | Killed a cyclops
  7294 | D:7      | Reached skill level 9 in Fighting
  7349 | D:7      | Killed a cyclops
  7429 | D:7      | Noticed a gargoyle
  7442 | D:7      | Killed a gargoyle
  7447 | D:7      | Killed a troll
  7448 | D:7      | Gained mutation: A meltable icy envelope protects you from
                  | harm. (AC +8) [demonic ancestry]
  7448 | D:7      | Reached XP level 10. HP: 73/83 MP: 10/10
  7874 | D:7      | Found a staircase to the Ecumenical Temple.
  7885 | Temple   | Entered the Ecumenical Temple
  8097 | Temple   | Became a worshipper of Ru the Awakened
  8115 | Temple   | Gained mutation: You are hated by all. [Ru sacrifice]
  8115 | Temple   | Reached * piety under Ru
  8147 | D:7      | Found Rasch's General Store.
  8150 | D:7      | Found Viacav Fyu's Specific Store.
  8158 | D:7      | Bought a scroll of enchant armour for 90 gold pieces
  8158 | D:7      | Bought a scroll of fear for 48 gold pieces
  8699 | D:7      | Found Fuoxkaf's General Store.
  9089 | D:8      | Noticed Joseph
  9161 | D:8      | Reached skill level 10 in Polearms
  9167 | D:8      | Reached skill level 10 in Fighting
 10298 | D:9      | Noticed an orange demon
 10832 | D:10     | Entered Level 10 of the Dungeon
 10833 | D:10     | Identified the +8 great sword "Jellyslayer" {antimagic,
                  | rC++ Int+2}
 10930 | D:10     | Gained mutation: When seriously injured, your blood forms
                  | thick armour. (AC +12) [demonic ancestry]
 10930 | D:10     | Reached XP level 11. HP: 92/92 MP: 11/11
 10950 | D:10     | Gained mutation: You are slightly weak-willed. (Will-) [Ru
                  | sacrifice]
 10950 | D:10     | Reached ** piety under Ru
 10950 | D:10     | Reached *** piety under Ru
 12420 | D:11     | Reached skill level 11 in Fighting
 12484 | D:11     | Noticed Sonja
 12485 | D:11     | Sonja changed into Sonja the water moccasin
 12485 | D:11     | Noticed Sonja
 12497 | D:11     | Killed Sonja the water moccasin
 12729 | D:11     | Noticed Gastronok
 12753 | D:11     | Killed Gastronok
 12918 | D:11     | Noticed an ogre mage
 12928 | D:11     | Killed an ogre mage
 13237 | D:11     | Noticed a minotaur
 13302 | D:11     | Found a runed translucent gate.
 13305 | D:11     | Found a runed translucent gate.
 13305 | D:11     | Noticed LnG's ghost (journeyman HOFi)
 13306 | D:11     | Found a runed translucent gate.
 13634 | D:11     | Found a staircase to the Lair.
 13929 | D:11     | Killed a minotaur
 14235 | D:11     | Killed LnG's ghost
 14236 | D:11     | Reached skill level 12 in Fighting
 14807 | D:4      | Bought a condenser vane for 520 gold pieces
 14996 | Lair:1   | Entered Level 1 of the Lair of Beasts
 15033 | D:11     | Reached XP level 12. HP: 101/101 MP: 12/12
 15091 | D:11     | Reached skill level 1 in Evocations
 15744 | Lair:1   | Found a runed translucent door.
 16186 | Lair:1   | Identified a scroll of acquirement
 16205 | Lair:1   | Acquired the ring of Yredelemnul's Respect {*Corrode rF+++
                  | Will+++ Str-5 Int+6}
 16504 | Lair:1   | Got the Lessons on Rime
 16723 | Lair:2   | Reached skill level 13 in Fighting
 16757 | Lair:2   | Noticed a four-headed hydra
 16766 | Lair:2   | Killed a four-headed hydra
 16814 | Lair:2   | Reached skill level 1 in Armour
 16890 | Lair:2   | Reached skill level 5 in Evocations
 17770 | Lair:3   | Noticed a five-headed hydra
 17776 | Lair:3   | Killed a five-headed hydra
 17879 | Lair:3   | Gained mutation: A meltable icy envelope protects you from
                  | harm. (AC +8) [demonic ancestry]
 17879 | Lair:3   | Reached XP level 13. HP: 111/111 MP: 13/13
 18015 | Lair:3   | Found a staircase to the Snake Pit.
 18602 | Lair:3   | Found a staircase to the Swamp.
 19625 | Lair:4   | Reached skill level 14 in Fighting
 19759 | Lair:4   | Reached skill level 5 in Armour
 19821 | Lair:4   | You fall into a shaft and drop 1 floor!
 19821 | Lair:5   | Entered Level 5 of the Lair of Beasts
 20299 | Lair:5   | Identified the +8 arbalest of Insomnia {flame, rElec rF+
                  | Int+2 Dex+3}
 20754 | Lair:5   | Reached XP level 14. HP: 96/117 MP: 14/14
 20758 | Lair:5   | Gained mutation: You are missing an eye, making it more
                  | difficult to aim. [Ru sacrifice]
 20758 | Lair:5   | Reached **** piety under Ru
 21003 | Lair:5   | Found a snail-covered altar of Cheibriados.
 21102 | Lair:5   | Reached skill level 15 in Fighting
 21174 | Lair:5   | Paralysed by a hornet for 2 turns
 22184 | Lair:5   | Found a runed translucent door.
 22204 | Lair:5   | Reached skill level 5 in Dodging
 22553 | Lair:5   | Found a staircase to the Slime Pits.
 23733 | D:12     | Gained mutation: You cannot study or cast Air magic. [Ru
                  | sacrifice]
 23733 | D:12     | Gained mutation: You cannot study or cast Transmutations
                  | magic. [Ru sacrifice]
 23733 | D:12     | Gained mutation: You cannot study or cast Translocations
                  | magic. [Ru sacrifice]
 23733 | D:12     | Reached ***** piety under Ru
 24031 | D:12     | Found a staircase to the Orcish Mines.
 24272 | Orc:1    | Entered Level 1 of the Orcish Mines
 24283 | Orc:1    | Found Ruriwkis's General Store.
 24483 | Orc:1    | Bought a tin of tremorstones (2/2) for 440 gold pieces
 24530 | Orc:1    | Found Melaever's Jewellery Boutique.
 24531 | Orc:1    | Found Gudgh's Antique Armour Emporium.
 24619 | Orc:1    | You fall into a shaft and drop 1 floor!
 24619 | Orc:2    | Entered Level 2 of the Orcish Mines
 24675 | Orc:2    | Found a staircase to the Elven Halls.
 25630 | Orc:2    | Found Aneucvaby's Armour Boutique.
 25704 | Orc:2    | Reached skill level 1 in Axes
 26098 | Orc:2    | Gained mutation: You are mostly covered in sharp spines.
                  | [demonic ancestry]
 26098 | Orc:2    | Reached XP level 15. HP: 129/129 MP: 15/15
 26116 | Orc:2    | Noticed Saint Roka
 26120 | Orc:2    | Found Pest's Antique Weapon Boutique.
 26145 | Orc:2    | Killed Saint Roka
 26146 | Orc:2    | Reached skill level 5 in Axes
 26353 | Orc:2    | Found Azxuva's Antique Armour Shop.
 26480 | Orc:2    | Bought a faintly glowing battleaxe for 287 gold pieces
 26480 | Orc:2    | Identified the +7 battleaxe of Weiske {antimagic, Str+4
                  | Int+4} (You bought it in a shop on level 2 of the Orcish
                  | Mines)
 26602 | Orc:2    | Found Usmucoin's Armour Shoppe.
 26813 | Orc:1    | Bought a warped plate armour for 868 gold pieces
 26813 | Orc:1    | Identified the +1 plate armour of Responsibility {rPois rF-
                  | Will+ Dex+3} (You bought it in a shop on level 1 of the
                  | Orcish Mines)
 26966 | D:13     | Noticed Lodul
 26981 | D:13     | Killed Lodul
 27188 | D:13     | Found a gate to the Vaults.
 27229 | D:13     | Noticed Rupert
 27958 | D:13     | Killed Rupert
 28305 | D:14     | Reached skill level 10 in Axes
 28976 | D:15     | Entered Level 15 of the Dungeon
 28981 | D:15     | Reached skill level 10 in Armour
 28984 | D:15     | Noticed Jorgrun
 29014 | D:14     | Killed Jorgrun
 29346 | D:15     | Identified the +8 hand axe of Irritation {vorpal, rN+ Int+5
                  | Dex+2}
 29432 | D:15     | Found a staircase to the Depths.
 29591 | D:15     | Noticed Agnes
 29597 | D:15     | Killed Agnes
 29977 | D:15     | Upgraded the game from 0.30-a0-134-gb40fab5c76 to
                  | 0.30-a0-135-g630cfc4551
 30078 | Orc:1    | Bought the ring of Omov {rPois Dex+4} for 424 gold pieces
 30215 | Snake:1  | Entered Level 1 of the Snake Pit
 30382 | Snake:1  | Identified the ring of Hafec {Fly rN+ Int+2 Stlth+}
 30395 | Snake:1  | Gained mutation: You have a sharp stinger which inflicts
                  | weakening toxins. [demonic ancestry]
 30395 | Snake:1  | Reached XP level 16. HP: 128/129 MP: 16/16
 31307 | Snake:1  | Found a transporter.
 31307 | Snake:1  | Found a transporter.
 31654 | Snake:2  | Noticed Aizul
 31661 | Snake:2  | Reached skill level 16 in Fighting
 31672 | Snake:2  | Killed Aizul
 32268 | Snake:2  | Found Ekhov's Assorted Antiques.
 32272 | Snake:2  | Found Qonnent's Magic Scroll Boutique.
 32273 | Snake:2  | Found Kaoj's General Store.
 32277 | Snake:2  | Bought a scroll of enchant weapon for 112 gold pieces
 32280 | Snake:2  | Bought a potion of might for 72 gold pieces
 32280 | Snake:2  | Bought a potion of heal wounds for 90 gold pieces
 32370 | Snake:3  | Gained mutation: You are weak-willed. (Will--) [Ru
                  | sacrifice]
 32370 | Snake:3  | Reached ****** piety under Ru
 33505 | Snake:3  | Found Myureihe's Antique Weapon Shoppe.
 33509 | Snake:3  | Found Mosu's Antique Weapon Emporium.
 33663 | Snake:3  | Found a burning altar of Makhleb.
 33729 | Snake:3  | Reached skill level 17 in Fighting
 34100 | Snake:4  | Entered Level 4 of the Snake Pit
 34499 | Snake:4  | Gained mutation: Your presence sometimes corrodes those you
                  | injure. [demonic ancestry]
 34499 | Snake:4  | Reached XP level 17. HP: 116/148 MP: 17/17
 34878 | Snake:4  | Reached skill level 15 in Axes
 34942 | Snake:4  | Reached skill level 18 in Fighting
 35158 | Snake:4  | Identified the +1 leather armour of Slovenliness {+Blink
                  | +Inv}
 35508 | Snake:4  | Got a serpentine rune of Zot
 35926 | Swamp:1  | Entered Level 1 of the Swamp
 37526 | Swamp:2  | Noticed Nikola
 37769 | Swamp:2  | Noticed a tentacled monstrosity
 37774 | Swamp:2  | Noticed Kirke
 37787 | Swamp:2  | Killed a tentacled monstrosity
 37790 | Swamp:2  | Killed Nikola
 37791 | Swamp:2  | Reached skill level 19 in Fighting
 37807 | Swamp:2  | Killed Kirke
 37817 | Swamp:2  | Gained mutation: Your presence sometimes corrodes or
                  | deforms those you injure. [demonic ancestry]
 37817 | Swamp:2  | Reached XP level 18. HP: 118/149 MP: 6/18
 38024 | Swamp:2  | Found a transporter.
 38037 | Swamp:2  | Identified the amulet of Yresufu {Acrobat Str+3 Dex+4}
 38037 | Swamp:2  | Noticed Efairey's ghost (adept DsGl)
 38040 | Swamp:2  | Found a bloodstained altar of Trog.
 38050 | Swamp:2  | Found a transporter.
 38439 | Snake:3  | Bought a runed demon trident for 450 gold pieces
 39723 | Swamp:4  | Entered Level 4 of the Swamp
 40606 | Swamp:4  | Reached skill level 10 in Dodging
 40629 | Swamp:4  | Got a decaying rune of Zot
 41123 | Elf:1    | Entered Level 1 of the Elven Halls
 41249 | Elf:1    | Found a frozen archway.
 41267 | Elf:1    | Paralysed by an air elemental for 1 turns
 41366 | IceCv    | Entered an ice cave
 41586 | IceCv    | Found a transporter.
 41591 | IceCv    | Identified the +8 chain mail of Yloogups {Harm rElec MP-9
                  | Int+6}
 41595 | IceCv    | Found the +8 frozen axe "Frostbite" {freezing cloud, *Noise
                  | Fly rC+}
 41601 | IceCv    | Found a transporter.
 41630 | IceCv    | Identified the +6 trident "Neabb" {protect, Str+4 Stlth+}
 42450 | Elf:1    | Got Dispater's Papyrus of Damage Dealing
 43145 | Elf:2    | Found a runed translucent gate.
 43145 | Elf:2    | Found a runed translucent gate.
 43146 | Elf:2    | Found a runed translucent gate.
 43243 | Elf:2    | Paralysed by an air elemental for 1 turns
 43247 | Elf:2    | Paralysed by an air elemental for 1 turns
 43425 | Elf:2    | Found Sumo's Magic Scroll Emporium.
 43432 | Elf:2    | Bought a scroll of blinking for 142 gold pieces
 43432 | Elf:2    | Bought a scroll of blinking for 142 gold pieces
 43864 | Elf:3    | Entered Level 3 of the Elven Halls
 43881 | Elf:3    | Found Vimpug's Magic Scroll Shop.
 43906 | Elf:3    | Found Ruwuoluph's Magic Scroll Shoppe.
 43942 | Elf:3    | Found a magical portal.
 43947 | WizLab   | Entered Maxwell's Workshop
 44079 | WizLab   | Found the +2 Maxwell's thermic engine {flame, freeze}
 44086 | WizLab   | Gained mutation: When seriously injured, your blood forms
                  | very thick armour. (AC +12) [demonic ancestry]
 44086 | WizLab   | Reached XP level 19. HP: 165/167 MP: 19/19
 45170 | WizLab   | Noticed an electric golem
 45186 | WizLab   | Killed an electric golem
 45188 | WizLab   | Killed from afar by an ironbound thunderhulk

Illustrated notes

Levels and vault maps discovered:
D:1:      amcnicky_arrival_underground_garden, layout_loops_corners
D:2:      layout_basic
D:3:      layout_loops_ring, uniq_terence
D:4:      layout_rooms, gammafunk_ghost_icy, serial_shops,
          nicolae_shop_waterfront, minmay_goblin_kobold_house
D:5:      layout_cave_pools
D:6:      layout_basic, uniq_menkaure
D:7:      minmay_the_grid_octo_triangle [minmay_the_grid_octo_chip,
          minmay_the_grid_octo_prize_big_c, minmay_the_grid_octo_empty],
          layout_basic, nicolae_hepliaklqana_hazy_memory,
          minmay_temple_entry_sparse_star, serial_shops, nicolae_square_shop,
          nicolae_specific_store
D:8:      lemuel_ice_spiral_2, layout_basic, nicolae_elevator_lobby_plus,
          uniq_joseph
D:9:      minmay_klotski, layout_rooms
D:10:     layout_layer_cave
D:11:     minmay_cornered_nines, layout_irregular_city, erik_lair_dragon,
          maelrawn_ghost_gauntlet_escape, uniq_gastronok, uniq_sonja
D:12:     kennysheep_ambush_hall, layout_rooms, minmay_orc_entry_temple_small,
          hangedman_misty_isle
D:13:     layout_basic, lightli_vaults_fourway_checkpoint, uniq_lodul,
          uniq_rupert
D:14:     layout_small_grid
D:15:     grunt_enter_depths_hoard, layout_rooms, uniq_jorgrun, uniq_agnes
Temple:   minmay_crystal_snake_temple
Lair:1:   gammafunk_lair_enchanted_lake, layout_misc_corridors
Lair:2:   layout_roguey [special_room_bee], grunt_megastairs_1
Lair:3:   layout_regular_city, minmay_swamp_entry_worms,
          guppyfry_snake_entry_island, chequers_serial_rivers_micro_a,
          chequers_serial_rivers_large_b, nicolae_lair_grazing_beasts
          [nicolae_sub_lair_graze_edge, nicolae_sub_lair_graze_edge,
          nicolae_sub_lair_graze_edge, nicolae_sub_lair_graze_edge],
          infiniplex_staircase_pool
Lair:4:   layout_long_grid, wad_woods_road_05, grunt_megastairs_5,
          serial_bayou_shore_b, serial_bayou_shore_a
Lair:5:   hangedman_lair_tendril_chambers, layout_loops_ring, wormcave,
          minmay_slime_entry_pillars, kennysheep_snail_temple
Swamp:1:  layout_falls_marsh, evilmike_swamp_ruin_house_4, swamp_pool2
Swamp:2:  layout_basic_swamp, gammafunk_ghost_wrathful_warriors,
          evilmike_swamp_ruin_rubble_2, uniq_nikola, uniq_kirke
Swamp:3:  layout_falls_marsh, evilmike_swamp_ruin_house_1
Swamp:4:  swamp_vile, layout_basic_swamp
Snake:1:  gammafunk_sealed_arena, layout_gridlike
Snake:2:  layout_cave_shapes, minmay_shop_star, grunt_megastairs_2, uniq_aizul
Snake:3:  layout_gridlike, basic_altar, minmay_shoptagon
Snake:4:  grunt_snake_rune_pools, layout_cave_town
Orc:1:    layout_caves, serial_shops, shop, nicolae_shop_stone,
          nicolae_shop_crystal, uniq_fannar
Orc:2:    grunt_orc_community_town_hall, layout_caves,
          grunt_orc_community_big_house_1, grunt_orc_community_big_house_2,
          grunt_orc_community_house_2, grunt_orc_community_house_2,
          grunt_orc_community_house_3, grunt_orc_community_house_1,
          grunt_orc_community_house_2, guppyfry_library_mini
Elf:1:    layout_loops_cross, portal_ice_cave_entry_pillars_four,
          minmay_elf_annihilation
Elf:2:    nicolae_elf_blades_splatter_lattice [mumra_blade_entry_dagger],
          layout_gridlike, serial_shops,
          nicolae_shop_temple_entry_statues_fountains
Elf:3:    minmay_elf_hall_statues, layout_loops_corners, mu_enter_wizlab_2,
          serial_shops, nicolae_shop_statue_plus, nicolae_shop_advertising_works
          [nicolae_subvault_shop_adworks], shop, minivault_16, drop_trap
WizLab:   wizlab_maxwell

Skill      XL: |  1  2  3  4  5  6  7  8  9 10 11 12 13 14 15 16 17 18 19 |
---------------+----------------------------------------------------------+-----
Polearms       | 3 4 5 7 9 11 13 14 | 14.0
Fighting       | 4 5 6 8 9 10 12 13 14 15 17 19 | 19.6
Throwing       | 1 2 4 5 6 7 9 |  9.2
Evocations     | 5 6 |  6.2
Armour         | 3 6 8 10 | 10.2
Dodging        | 7 8 11 12 | 12.4
Axes           | 2 12 14 16 18 | 18.5
Stealth        | |  1.7

Action                   |  1- 3 |  4- 6 |  7- 9 | 10-12 | 13-15 | 16-18 | 19-21 || total
-------------------------+-------+-------+-------+-------+-------+-------+-------++-------
Melee: Spear             |   129 |    29 |       |       |       |       |       ||   158
       Tailslap          |    12 |    19 |    28 |   111 |   291 |   255 |    25 ||   741
       Trident           |       |   112 |   215 |   655 |   899 |       |       ||  1881
       Punch             |       |       |     2 |       |       |       |       ||     2
       Halberd           |       |       |       |       |   344 |       |       ||   344
       Battleaxe         |       |       |       |       |   448 |  1391 |       ||  1839
       Glaive            |       |       |       |       |    28 |       |       ||    28
       Executioner's axe |       |       |       |       |       |   138 |    92 ||   230
Throw: Dart              |       |    13 |    12 |     2 |    20 |       |       ||    47
       Boomerang         |       |     4 |    31 |    57 |    56 |     7 |     7 ||   162
Invok: Sacrifice Love    |       |       |       |     1 |       |       |       ||     1
       Draw Out Power    |       |       |       |     2 |    12 |     2 |     1 ||    17
       Sacrifice Essence |       |       |       |     1 |       |     1 |       ||     2
       Sacrifice Arcana  |       |       |       |       |     1 |       |       ||     1
       Sacrifice an Eye  |       |       |       |       |     1 |       |       ||     1
       Reject Sacrifices |       |       |       |       |     1 |       |       ||     1
       Apocalypse        |       |       |       |       |     5 |     5 |     1 ||    11
Evoke: Wand              |       |       |     5 |     3 |    10 |     3 |       ||    21
       Condenser vane    |       |       |       |       |     3 |     2 |       ||     5
       Tin of tremorston |       |       |       |       |     3 |     3 |     2 ||     8
  Use: Scroll            |     1 |     5 |     6 |    10 |    13 |    10 |       ||    45
       Potion            |       |     5 |     2 |     1 |     2 |     7 |     4 ||    21
 Stab: Distracted        |     1 |       |       |     2 |     7 |    13 |       ||    23
       Sleeping          |       |       |       |     7 |     4 |       |       ||    11
       Paralysed         |       |       |       |       |    11 |    31 |     2 ||    44
       Invisible         |       |       |       |       |    11 |    19 |       ||    30
Armor: Scale mail        |    29 |    59 |    65 |       |       |       |       ||   153
       Skin              |       |       |    26 |       |       |       |       ||    26
       Steam dragon scal |       |       |       |   128 |   402 |       |       ||   530
       Chain mail        |       |       |       |       |   157 |       |       ||   157
       Ice dragon scales |       |       |       |       |    23 |   805 |    43 ||   871
Dodge: Dodged            |    31 |    51 |    58 |   149 |   523 |   682 |    57 ||  1551
Block: Orb               |       |       |       |   132 |   222 |       |       ||   354
       Reflection        |       |       |       |     8 |    20 |    41 |       ||    69
       Other             |       |       |       |       |   243 |   517 |    19 ||   779

Table legend: (Time is in decaauts)
 A = Elapsed time spent in this place.
 B = Non-inter-level travel time spent in this place.
 C = Inter-level travel time spent in this place.
 D = Time resting spent in this place.
 E = Time spent auto-exploring this place.
 F = Levels seen in this place.
 G = Mean time per level.
                   A        B        C        D        E       F      G
               +--------+--------+--------+--------+--------+-----+--------+
         Total |  45601 |  42548 |   3053 |   7914 |  27322 |  36 | 1266.7 |
       Dungeon |  19836 |  18282 |   1554 |   3254 |  12321 |  15 | 1322.4 |
        Temple |    255 |    177 |     78 |      0 |    155 |   1 |  255.0 |
          Lair |   8610 |   8179 |    431 |   2819 |   4056 |   5 | 1722.0 |
         Swamp |   4645 |   4415 |    230 |    228 |   3292 |   4 | 1161.2 |
     Snake Pit |   5631 |   5329 |    302 |    862 |   3423 |   4 | 1407.8 |
  Orcish Mines |   2583 |   2254 |    329 |    148 |   1537 |   2 | 1291.5 |
   Elven Halls |   2400 |   2274 |    126 |    127 |   1687 |   3 |  800.0 |
      Ice Cave |    408 |    408 |      0 |      0 |    309 |   1 |  408.0 |
        Wizlab |   1228 |   1228 |      0 |    476 |    542 |   1 | 1228.0 |
               +--------+--------+--------+--------+--------+-----+--------+

Top non-repeatable levels by time:
  Lair:5: 3162 daAuts
    D:11: 2343 daAuts
  Lair:3: 2164 daAuts
     D:7: 2152 daAuts
   Orc:2: 2063 daAuts
    D:10: 1824 daAuts
     D:6: 1813 daAuts
 Snake:4: 1697 daAuts
  Lair:1: 1554 daAuts
     D:8: 1433 daAuts
    D:12: 1425 daAuts
 Snake:2: 1379 daAuts
 Snake:1: 1364 daAuts
     D:1: 1360 daAuts
  WizLab: 1228 daAuts
